 Dungeon Crawl Stone Soup version 0.29.0-13-gc9e81de378 (webtiles) character file.

Game seed: 13357508275499058431

129987 SnakkuSnakku7 the Shatterer (level 17, 0/172 HPs)
             Began as an Ogre Enchanter on Sept 7, 2022.
             Was the Champion of the Shining One.
             Slain by a steelbarb worm (18 damage)
             ... on level 1 of the Spider Nest.
             The game lasted 00:57:06 (41172 turns).

SnakkuSnakku7 the Shatterer (Ogre Enchanter)       Turns: 41172, Time: 00:57:06

Health: 0/172      AC: 26    Str: 18      XL:     17   Next: 6%
Magic:  0/24       EV:  5    Int: 23 (24) God:    the Shining One [******]
Gold:   63         SH:  5    Dex:  9 (11) Spells: 14/20 levels left

rFire   + . .      SeeInvis .   a - +1 giant spiked club (venom)
rCold   + . .      Faith    .   (shield currently unavailable)
rNeg    + + +      Spirit   +   Y - +3 gold dragon scales
rPois   +          Reflect  +   W - +2 hat of the Bear Spirit {Spirit, *Rage Will++}
rElec   .          Harm     .   j - +2 cloak
rCorr   .          Rampage  .   (gloves unavailable)
Will    +++..      Rage     20% (boots unavailable)
Stlth   ..........              z - amulet of reflection
HPRegen 0.38/turn               u - +6 ring of intelligence
MPRegen 0.19/turn               L - +4 ring of evasion

@: on berserk cooldown, slowed, glowing, studying Invocations, very slow
A: large, unfitting armour, tough skin 1
a: Renounce Religion, Divine Shield, Cleansing Flame, Summon Divine Warrior,
Brand Weapon With Holy Wrath


You were on level 1 of the Spider Nest.
You worshipped the Shining One.
The Shining One was exalted by your worship.
You visited 5 branches of the dungeon, and saw 24 of its levels.
You also visited: Ice Cave.

You collected 2578 gold pieces.
You spent 2515 gold pieces at shops.

Inventory:

Hand Weapons
 a - a +1 giant spiked club of venom (weapon)
 b - a +3 flail of protection
 I - a +3 morningstar
Missiles
 v - 5 throwing nets
 E - 5 curare-tipped darts (quivered)
Armour
 j - a +2 cloak (worn)
 W - the +2 hat of the Bear Spirit (worn) {Spirit, *Rage Will++}
   (You acquired it on level 14 of the Dungeon)

   Going berserk makes the wearer tougher, and they're slowed less afterward.
   *Rage:     It berserks you when you make melee attacks (+20% chance).
   Will:      It greatly increases your willpower.
 Y - +3 gold dragon scales (worn)
Jewellery
 n - a ring of protection from fire
 u - a +6 ring of intelligence (left hand)
 w - a +6 ring of dexterity
 z - an amulet of reflection (around neck)
 B - a ring of poison resistance
 L - a +4 ring of evasion (right hand)
 O - a ring of willpower
 P - a ring of protection from cold
 U - a ring of flight
Wands
 g - a wand of flame (14)
 p - a wand of paralysis (17)
 F - a wand of digging (19)
 X - a wand of quicksilver (3)
Scrolls
 c - 5 scrolls of amnesia
 d - 3 scrolls of immolation
 f - a scroll of teleportation
 i - a scroll of summoning
 x - 4 scrolls of butterflies
 y - a scroll of vulnerability
 C - a scroll of poison
 H - 4 scrolls of magic mapping
 K - 3 scrolls of silence
 V - a scroll of blinking
Potions
 e - a potion of haste
 h - 8 potions of might
 k - 3 potions of brilliance
 l - 8 potions of flight
 m - 3 potions of cancellation
 o - 5 potions of heal wounds
 q - a potion of resistance
 r - 7 potions of curing
 s - 4 potions of attraction
 t - 2 potions of mutation
 A - 3 potions of magic
 D - 3 potions of lignification
 R - 3 potions of ambrosia
 S - a potion of berserk rage
Miscellaneous
 G - a box of beasts
 Q - a lightning rod (4/4)
 T - a tin of tremorstones (1/2)


   Skills:
 - Level 12.0 Fighting
 - Level 0.8 Short Blades
 - Level 22.0 Maces & Flails
 - Level 10.0 Armour
 - Level 4.0 Dodging
 - Level 2.1 Stealth
 - Level 2.4 Spellcasting
 - Level 2.6 Hexes
 - Level 5.9 Ice Magic
 + Level 10.5 Invocations


You had 14 spell levels left.
You knew the following spells:

 Your Spells              Type           Power      Damage    Failure   Level
a - Frozen Ramparts       Ice            60%        1d10      99%         3
b - Ensorcelled Hibernat  Hex/Ice        44%        N/A       99%         2
c - Freeze                Ice            100%       1d11      86%         1

Your spell library contained the following spells:

 Spells                   Type           Power      Damage    Failure   Level
 Foxfire                  Conj/Fire      8%         2x1d4     100%        1
 Sandblast                Erth           4%         2d4       100%        1
 Sting                    Tmut/Pois      8%         1d3       100%        1
 Passwall                 Tmut/Erth      1%         N/A       100%        2
 Poisonous Vapours        Pois/Air       4%         N/A       100%        2
 Static Discharge         Conj/Air       2%         3-4/arc   100%        2
 Call Canine Familiar     Summ           2%         N/A       100%        3
 Confusing Touch          Hex            15%        N/A       100%        3
 Conjure Flame            Conj/Fire      2%         6-21      100%        3
 Dazzling Flash           Conj/Hex       16%        N/A       100%        3
 Gell's Gravitas          Tloc           2%         N/A       100%        3
 Ignite Poison            Fire/Tmut/Pois 2%         N/A       100%        3
 Inner Flame              Hex/Fire       8%         N/A       100%        3
 Lesser Beckoning         Tloc           2%         N/A       100%        3
 Mephitic Cloud           Conj/Pois/Air  2%         N/A       100%        3
 Portal Projectile        Hex/Tloc       16%        N/A       100%        3
 Stone Arrow              Conj/Erth      4%         3d7       100%        3
 Teleport Other           Tloc           2%         N/A       100%        3
 Tukima's Dance           Hex            15%        N/A       100%        3
 Dispel Undead            Necr           2%         3d7       100%        4
 Flame Wave               Conj/Fire      2%         2d4       100%        4
 Hailstorm                Conj/Ice       16%        3d6       100%        4
 Leda's Liquefaction      Hex/Erth       4%         N/A       100%        4
 Olgreb's Toxic Radiance  Pois           2%         N/A       100%        4
 Sticky Flame             Conj/Fire      2%         2d3       100%        4
 Agony                    Necr           2%         N/A       100%        5
 Freezing Cloud           Conj/Ice/Air   5%         6-21      100%        5
 Silence                  Hex/Air        4%         N/A       100%        5
 Conjure Ball Lightning   Conj/Air       1%         3x3d6     100%        6
 Borgnjor's Revivificati  Necr           1%         N/A       100%        8
 Discord                  Hex            7%         N/A       100%        8
 Disjunction              Tloc           1%         N/A       100%        8
 Necromutation            Tmut/Necr      1%         N/A       100%        8
 Death's Door             Necr           1%         N/A       100%        9


Dungeon Overview and Level Annotations

Branches:
Dungeon (15/15)            Temple (1/1) D:6            Lair (5/5) D:9
 Shoals (0/4) Lair:2       Spider (1/4) Lair:3        Slime (0/5) Lair:5
    Orc (2/2) D:9             Elf (0/3) Orc:2        Vaults (0/5) D:13
 Depths (0/4) D:15          IceCv (visited)

Altars:
Ashenzari
Cheibriados
Fedhas
Gozag
Hepliaklqana
Kikubaaqudgha
Makhleb
Nemelex Xobeh
Okawaru
Qazlal
Sif Muna
Trog
Wu Jian
Yredelemnul
Zin
The Shining One
Jiyva

Shops:
D:6 =   Orc:1 :(   Orc:2 *=(!([


Innate Abilities, Weirdness & Mutations

You are too large for most types of armour.
You have tough skin. (AC +1)


Message History

The ghost moth hits you but does no damage. x2
The ghost moth stings you.
* * * LOW HITPOINT WARNING * * *
You feel much better.
The steelbarb worm hits you but does no damage.
The jumping spider leaps!
You block the jumping spider's attack.
The jumping spider bites you but does no damage.
The ghost moth stares at you. The ghost moth barely misses you.
The ghost moth hits you.
* * * LOW HITPOINT WARNING * * *
The ghost moth stings you but does no damage.
The steelbarb worm hits you but does no damage.
The jumping spider pounces on you but does no damage.
The jumping spider bites you but does no damage.
You hit the ghost moth.
The ghost moth is severely wounded.
The ghost moth hits you but does no damage. x2
The ghost moth stings you!
* * * LOW HITPOINT WARNING * * *
You block the steelbarb worm's attack.
The jumping spider pounces on you but does no damage.
The jumping spider bites you but does no damage.
The ghost moth stares at you.
The ghost moth hits you but does no damage. x2
The ghost moth stings you but does no damage.
You barely miss the ghost moth.
The ghost moth is almost dead.
The steelbarb worm hits you but does no damage.
The jumping spider pounces on you.
* * * LOW HITPOINT WARNING * * *
The jumping spider bites you but does no damage.
The ghost moth stares at you.
You feel your power leaking away.
The ghost moth hits you but does no damage.
The ghost moth hits you.
* * * LOW HITPOINT WARNING * * *
The ghost moth stings you!
* * * LOW HITPOINT WARNING * * *
The steelbarb worm hits you!!
You die...

## .?..#^ ##. .....
#... ..... #..# ....#
#..#....# #..#...#
#°†††.## #y†..# .....#
#@w..# .....# ####s...#
.....# #..#...##
.^...#### #....(## #
........## #......# .#
.......^.####.....##...
..........##......#....
#........†#............
#.....##..##.##........


You could see a ghost moth (invisible, very poisoned), a steelbarb worm and a
jumping spider.

Vanquished Creatures
  A ghost moth (Spider:1)
  Azrael (Orc:2)
  Snorg (Orc:2)
  An ettin (Orc:2)
  5 boulder beetles
  Erolcha (Orc:2)
  A vault guard (D:13)
  10 hydras
  2 catoblepae (Lair:4)
  16 two-headed ogres
  Erica (D:8)
  2 ogre magi (D:15)
  A merfolk avatar (Lair:5)
  The ghost of firemarshallily the Unseen, a journeyman KoBr of Ignis (D:9)
  3 centaur warriors
  13 death yaks
  2 tengu warriors
  5 skeletal warriors (D:14)
  A fire crab (shapeshifter) (D:14)
  2 pharaoh ants (Spider:1)
  A sea snake (Lair:4)
  Amaemon (D:8)
  Lodul (D:14)
  2 steelbarb worms (Spider:1)
  The ghost of Fractals the Shield-Bearer, a novice DjFi (D:7)
  Pikel (D:5)
  A wizard (D:13)
  3 necromancers (D:13)
  An orb spider (Spider:1)
  5 orc knights
  2 harpies (Lair:5)
  6 wolf spiders (Spider:1)
  2 orc sorcerers
  11 ugly things
  14 oklob plants
  14 elephants
  8 manticores
  4 cyclopes
  A moth of wrath (D:9)
  6 black mambas
  2 merfolk sirens (Lair:2)
  A torpor snail (Spider:1)
  An orange demon (D:8)
  10 cane toads
  4 demonic crawlers (D:15)
  An efreet (D:15)
  Psyche (D:8)
  2 kobold demonologists
  7 komodo dragons
  3 tengu conjurers
  An unseen horror (D:11)
  3 rime drakes
  A yaktaur (D:13)
  2 meliai
  10 trolls
  2 merfolk (Lair:2)
  A queen bee (D:7)
  A hornet (shapeshifter) (D:15)
  2 tarantellas (Spider:1)
  Grinder (D:5)
  14 blink frogs
  6 slime creatures (D:13)
  2 hornets (Lair:5)
  8 polar bears
  9 dream sheep
  A snapping turtle (Lair:5)
  Sigmund (D:6)
  A water elemental (D:13)
  8 culicivoras
  4 hogs (D:7)
  8 jumping spiders
  11 wyverns
  34 yaks
  3 wraiths
  3 fire elementals (Orc:2)
  18 humans (D:13)
  A yak (shapeshifter) (D:15)
  A vampire (D:11)
  6 basilisks
  7 redbacks
  2 steam dragons
  11 vampire mosquitoes
  A death yak simulacrum (IceCv)
  6 acid dragons
  3 wargs
  14 water moccasins
  2 ice beasts
  A hell hound (Orc:2)
  A floating eye (Lair:1)
  46 orc warriors
  6 black bears
  21 ogres
  18 centaurs
  3 wolves (Lair:3)
  A lemure (D:5)
  A phantom (D:6)
  3 kobold brigands
  8 gnoll sergeants
  7 bullfrogs
  2 necrophages (D:7)
  2 cane toad simulacra (IceCv)
  2 scorpions (D:6)
  28 wights
  7 killer bees
  4 electric eels (D:13)
  4 howler monkeys
  5 hounds
  13 orc priests
  A jelly (D:7)
  24 orc wizards
  2 wolf simulacra (IceCv)
  18 gnolls
  5 adders
  A shadow imp (D:5)
  A white imp (D:7)
  2 ufetubi
  A worm (D:4)
  A dart slug (D:2)
  80 orcs
  11 endoplasms
  6 giant cockroaches
  13 goblins
  5 hobgoblins
  13 kobolds
  4 quokkas
  9 ball pythons
  9 bats
  4 frilled lizards
  7 rats
796 creatures vanquished.

Vanquished Creatures (others)
  A fire giant (D:15)
  A yak (Lair:4)
  A human (D:9)
  34 fungi
  84 plants
121 creatures vanquished.

Grand Total: 917 creatures vanquished

Notes
Turn   | Place    | Note
-------+----------+-------------------------------------------
     0 | D:1      | SnakkuSnakku7 the Ogre Enchanter began the quest for the
                  | Orb.
     0 | D:1      | Reached XP level 1. HP: 16/16 MP: 3/3
    36 | D:1      | Reached skill level 1 in Fighting
   210 | D:1      | Reached XP level 2. HP: 15/28 MP: 5/5
   349 | D:1      | Learned a level 2 spell: Ensorcelled Hibernation
   601 | D:1      | Learned a level 1 spell: Freeze
   705 | D:1      | You fall into a shaft and drop 1 floor!
   781 | D:2      | Reached skill level 1 in Ice Magic
   783 | D:2      | Reached XP level 3. HP: 25/36 MP: 1/6
   891 | D:2      | Learned a level 3 spell: Frozen Ramparts
  1647 | D:2      | Reached XP level 4. HP: 41/44 MP: 3/7
  2387 | D:3      | Reached XP level 5. HP: 47/52 MP: 0/8
  2585 | D:3      | HP: 1/52 [gnoll/+1 halberd of protection (14)]
  3622 | D:4      | Reached XP level 6. HP: 44/59 MP: 4/9
  3998 | D:4      | Reached skill level 5 in Ice Magic
  4498 | D:4      | Reached XP level 7. HP: 51/66 MP: 7/10
  4946 | D:5      | Entered Level 5 of the Dungeon
  5001 | D:5      | Reached skill level 1 in Maces & Flails
  5321 | D:5      | Noticed Pikel
  5323 | D:5      | Reached skill level 2 in Maces & Flails
  5675 | D:5      | Noticed Grinder
  5689 | D:5      | Reached skill level 3 in Maces & Flails
  5695 | D:5      | Paralysed by Grinder for 3 turns
  6209 | D:6      | Found a staircase to the Ecumenical Temple.
  6228 | Temple   | Entered the Ecumenical Temple
  6282 | Temple   | Became a worshipper of the Shining One
  6314 | D:6      | Reached skill level 4 in Maces & Flails
  6362 | D:6      | Found Deuj's Jewellery Boutique.
  6385 | D:6      | Reached XP level 8. HP: 66/74 MP: 9/11
  6416 | D:6      | Noticed a wyvern
  6423 | D:6      | Killed a wyvern
  6424 | D:6      | Reached skill level 5 in Maces & Flails
  6545 | D:6      | Reached skill level 6 in Maces & Flails
  6598 | D:6      | Found a burning altar of Makhleb.
  6725 | D:6      | Found a broken altar of Ashenzari.
  6792 | D:6      | Noticed Sigmund
  6804 | D:6      | Killed Sigmund
  6805 | D:6      | Reached skill level 7 in Maces & Flails
  7096 | D:6      | Reached XP level 9. HP: 62/80 MP: 12/12
  7227 | D:6      | Reached skill level 8 in Maces & Flails
  7696 | D:7      | Found a transporter.
  7699 | D:7      | Found a huge runed translucent gate.
  7699 | D:7      | Noticed a manticore
  7700 | D:7      | Noticed a death yak
  7710 | D:7      | Found a huge runed translucent gate.
  7711 | D:7      | Found a huge runed translucent gate.
  7711 | D:7      | Reached * piety under the Shining One
  7911 | D:7      | Reached skill level 9 in Maces & Flails
  8280 | D:7      | Found a basalt altar of Yredelemnul.
  8400 | D:7      | Noticed a queen bee
  8400 | D:7      | Noticed Fractals's ghost (novice DjFi)
  8443 | D:7      | Found a huge runed translucent gate.
  8443 | D:7      | Noticed a polar bear
  8443 | D:7      | Noticed a manticore
  8443 | D:7      | Noticed a polar bear
  8444 | D:7      | Noticed a death yak
  8696 | D:5      | Killed Pikel
  8697 | D:5      | Reached skill level 10 in Maces & Flails
  8853 | D:5      | Killed Grinder
  8854 | D:5      | Reached XP level 10. HP: 86/89 MP: 13/13
  8906 | D:8      | Reached skill level 11 in Maces & Flails
  8918 | D:8      | Noticed Psyche
  8931 | D:8      | Killed Psyche
  8932 | D:8      | Reached ** piety under the Shining One
  8932 | D:8      | Noticed Erica
  9328 | D:8      | Killed Erica
  9329 | D:8      | Reached skill level 12 in Maces & Flails
 10187 | D:8      | Noticed Amaemon
 10213 | D:8      | Killed Amaemon
 10215 | D:8      | Noticed an orange demon
 10578 | D:8      | Killed an orange demon
 10866 | D:9      | Noticed a two-headed ogre
 10886 | D:9      | Killed a two-headed ogre
 10887 | D:9      | Reached skill level 13 in Maces & Flails
 10887 | D:9      | Reached XP level 11. HP: 53/96 MP: 10/14
 11246 | D:9      | Reached *** piety under the Shining One
 11526 | D:9      | Noticed a two-headed ogre
 11546 | D:9      | Killed a two-headed ogre
 11547 | D:9      | Reached skill level 14 in Maces & Flails
 12050 | D:9      | Found a glowing silver altar of Zin.
 12118 | D:9      | Found a bloodstained altar of Trog.
 12118 | D:9      | Noticed a two-headed ogre
 12118 | D:9      | Noticed firemarshallily's ghost (journeyman KoBr)
 12118 | D:9      | Noticed a two-headed ogre
 12118 | D:9      | Noticed a tengu warrior
 12123 | D:9      | Found a transporter.
 12133 | D:9      | Noticed a moth of wrath
 12138 | D:9      | Found a transporter.
 12174 | D:9      | Reached **** piety under the Shining One
 12200 | D:9      | Reached skill level 5 in Fighting
 12579 | D:9      | Found a staircase to the Lair.
 12665 | D:9      | Found an ancient bone altar of Kikubaaqudgha.
 13226 | D:9      | Reached skill level 10 in Fighting
 13419 | D:9      | Found a staircase to the Orcish Mines.
 13869 | D:10     | Entered Level 10 of the Dungeon
 14176 | D:10     | Noticed a tengu warrior
 14191 | D:10     | Killed a tengu warrior
 14192 | D:10     | Reached XP level 12. HP: 105/132 MP: 12/15
 14515 | D:10     | Reached ***** piety under the Shining One
 15005 | Lair:1   | Entered Level 1 of the Lair of Beasts
 16014 | Lair:2   | Reached skill level 15 in Maces & Flails
 16015 | Lair:2   | You fall into a shaft and drop 2 floors!
 16114 | Lair:3   | Noticed a death yak
 16114 | Lair:3   | Noticed a death yak
 16114 | Lair:3   | Noticed a death yak
 16114 | Lair:3   | Noticed a death yak
 16115 | Lair:3   | Noticed a death yak
 16181 | Lair:2   | Found a frozen archway.
 16294 | IceCv    | Entered an ice cave
 16862 | Lair:2   | Found a staircase to the Shoals.
 17370 | Lair:3   | Identified the +3 falchion "Olieb" {elec, rPois rF+++ Will+
                  | Stlth+}
 17388 | Lair:3   | Reached skill level 16 in Maces & Flails
 17474 | Lair:3   | Reached XP level 13. HP: 65/140 MP: 14/16
 18517 | Lair:2   | Reached skill level 17 in Maces & Flails
 19402 | Lair:3   | Found a hole to the Spider Nest.
 21941 | Lair:4   | Reached skill level 18 in Maces & Flails
 22760 | Lair:4   | Reached XP level 14. HP: 52/149 MP: 14/17
 23738 | Lair:4   | Reached skill level 19 in Maces & Flails
 23984 | Lair:5   | Entered Level 5 of the Lair of Beasts
 24734 | Lair:5   | Paralysed by a hornet for 1 turns
 24744 | Lair:5   | Paralysed by a hornet for 3 turns
 25845 | Lair:4   | HP: 7/149 [poisoned by a sea snake]
 26275 | Lair:5   | Reached skill level 20 in Maces & Flails
 26337 | Lair:5   | Reached ****** piety under the Shining One
 27257 | Lair:5   | Found a staircase to the Slime Pits.
 27267 | Lair:5   | Found a viscous altar of Jiyva.
 28336 | Lair:5   | Reached XP level 15. HP: 97/156 MP: 18/18
 28467 | Lair:1   | Reached skill level 21 in Maces & Flails
 29144 | D:7      | Found a transporter.
 29165 | D:7      | Killed Fractals's ghost
 30967 | D:12     | Reached skill level 22 in Maces & Flails
 30993 | D:12     | Reached skill level 1 in Armour
 31614 | Orc:1    | Entered Level 1 of the Orcish Mines
 32079 | Orc:1    | Found Fejiell's Weapon Emporium.
 32143 | Orc:1    | Found Vuki's Vocational Training.
 32151 | Orc:1    | Bought a manual of Invocations for 1200 gold pieces
 32217 | Orc:2    | Entered Level 2 of the Orcish Mines
 32247 | Orc:2    | Found a staircase to the Elven Halls.
 32263 | Orc:2    | Found Pidwiud's Jewellery Shop.
 32277 | Orc:2    | Noticed Snorg
 32294 | Orc:2    | Killed Snorg
 32896 | Orc:2    | Noticed Erolcha
 32901 | Orc:2    | Killed Erolcha
 32950 | Orc:2    | Noticed Azrael
 32960 | Orc:2    | Killed Azrael
 32982 | Orc:2    | Found Solell's Assorted Antiques.
 34514 | Orc:2    | Reached skill level 5 in Armour
 34908 | Orc:2    | Found Bikosen's Book Boutique.
 35260 | Orc:2    | Found Qeikhos's Antique Weapon Shop.
 35260 | Orc:2    | Found Kuthriw's Distillery.
 35262 | Orc:2    | Found Nobleo's Weapon Shoppe.
 35264 | Orc:2    | Found Eleit's Armour Boutique.
 36184 | D:13     | Reached XP level 16. HP: 131/165 MP: 19/19
 37088 | D:13     | Found a gate to the Vaults.
 38190 | D:14     | Identified a scroll of acquirement
 38225 | D:14     | Acquired the +2 hat of the Bear Spirit {Spirit, *Rage
                  | Will++}
 38225 | D:14     | Found the +2 hat of the Bear Spirit {Spirit, *Rage Will++}
 38387 | D:14     | Noticed Lodul
 38402 | D:14     | Killed Lodul
 38709 | Orc:2    | Bought +0 gold dragon scales for 1120 gold pieces
 38712 | Orc:2    | Bought a potion of heal wounds for 65 gold pieces
 38983 | D:15     | Entered Level 15 of the Dungeon
 39171 | D:15     | Reached skill level 10 in Armour
 39493 | D:15     | Found a staircase to the Depths.
 39697 | D:15     | Reached skill level 1 in Invocations
 40453 | Orc:2    | Bought 2 potions of heal wounds for 130 gold pieces
 40579 | D:9      | Reached skill level 5 in Invocations
 40602 | D:9      | Killed firemarshallily's ghost
 40822 | Spider:1 | Entered Level 1 of the Spider Nest
 40980 | Spider:1 | Reached XP level 17. HP: 172/172 MP: 22/24
 41140 | Spider:1 | Reached skill level 10 in Invocations
 41172 | Spider:1 | Slain by a steelbarb worm

Illustrated notes

Levels and vault maps discovered:
D:1:      saegor_arrival_miasma, layout_rooms, minmay_distorted
D:2:      layout_basic
D:3:      layout_basic, nicolae_elevator_lobby_asterisk
D:4:      layout_loops_ring, hex_large, dreamdust_mushroom_princess,
          nicolae_grassy_gnolls
D:5:      layout_cave_pools, uniq_grinder, uniq_pikel
D:6:      layout_loops_ring, mainiacjoe_overflow_big_doors,
          minmay_temple_entry_arrows, kennysheep_small_circle, uniq_sigmund
D:7:      lemuel_bear_cage, layout_cave_pools,
          mainiacjoe_overflow_six_doors_small, gammafunk_ghost_hive,
          chequers_decorated_corner, st_stairs_7, moated_statue,
          minmay_starry_boxes
D:8:      layout_cave_pools, uniq_psyche, uniq_erica, uniq_amaemon
D:9:      cheibrodos_barr_body, layout_irregular_city, tgw_kikubaaqudgha,
          lemuel_coloured_pillars_altar, david_lair_generic,
          kennysheep_orc_monster_closet_entryway,
          gammafunk_ghost_wrathful_warriors
D:10:     layout_gridville
D:11:     cheibrodos_fzero, layout_basic, nicolae_two_hexagons
D:12:     layout_roguey
D:13:     layout_basic, grunt_vaults_entry_tiered
D:14:     layout_roguey, minmay_misc_feat_encased, uniq_lodul
D:15:     grunt_enter_depths_giant_problem, layout_gridville,
          serial_bayou_pond_a, einodemon_crawler_minivault
Temple:   bh_familiar_temple
Lair:1:   layout_gridlike, disabler_island
Lair:2:   layout_regular_city, elwin_shoals_entry_stream,
          portal_ice_cave_entry_pillars_2
Lair:3:   minmay_lair_oklob_tunnel, layout_regular_city,
          nicolae_spider_entry_tight_spaces, grunt_megastairs_3
Lair:4:   layout_cave_pods, minmay_shattered_shrine
Lair:5:   gammafunk_lair_ancient_temple, layout_misc_corridors,
          minmay_slime_entry_oklob_enclosed, dpeg_oklob_1
Spider:1: layout_spider_delve
Orc:1:    layout_caves, serial_shops, nicolae_shop_bloodbath_and_beyond,
          nicolae_shop_vocational
Orc:2:    st_orc_rangers, layout_caves, serial_shops, nicolae_shop_trees,
          nicolae_shop_overgrown_old_shop, shop_fountains, uniq_snorg,
          uniq_azrael, uniq_erolcha

Skill      XL: |  1  2  3  4  5  6  7  8  9 10 11 12 13 14 15 16 17 |
---------------+----------------------------------------------------+-----
Fighting       | 2 11 12 | 12.0
Ice Magic      | 1 2 3 4 5 |  5.9
Maces & Flails | 4 7 10 13 14 16 18 20 22 | 22.0
Armour         | 6 10 | 10.0
Dodging        | 4 |  4.0
Invocations    | 9 10 | 10.5
Short Blades   | |  0.8
Stealth        | |  2.1
Spellcasting   | |  2.4
Hexes          | |  2.6

Action                   |  1- 3 |  4- 6 |  7- 9 | 10-12 | 13-15 | 16-18 || total
-------------------------+-------+-------+-------+-------+-------+-------++-------
Melee: Dagger            |   133 |     1 |       |       |       |       ||   134
       Punch             |     1 |     1 |     2 |     7 |     5 |       ||    16
       Short sword       |       |    92 |       |       |       |       ||    92
       Flail             |       |    57 |   203 |   646 |   191 |       ||  1097
       Giant spiked club |       |       |       |       |   855 |   426 ||  1281
Throw: Dart              |       |       |       |     9 |       |       ||     9
       Throwing net      |       |       |       |     2 |     3 |       ||     5
 Cast: Freeze            |    26 |    26 |    42 |       |       |       ||    94
       Ensorcelled Hiber |     2 |       |       |     1 |       |       ||     3
       Frozen Ramparts   |       |     7 |    17 |    51 |    34 |     3 ||   112
Evoke: Wand              |       |       |       |     8 |       |     3 ||    11
       Lightning rod     |       |       |       |       |     4 |       ||     4
       Tin of tremorston |       |       |       |       |       |     1 ||     1
  Use: Potion            |     2 |       |     3 |     4 |     3 |     2 ||    14
       Scroll            |       |       |    12 |    17 |    14 |     6 ||    49
 Stab: Invisible         |     2 |       |       |       |       |       ||     2
       Sleeping          |     2 |     4 |       |       |       |       ||     6
Armor: Robe              |    46 |    52 |   121 |    98 |       |       ||   317
       Acid dragon scale |       |       |       |    82 |   298 |    31 ||   411
       Gold dragon scale |       |       |       |       |       |   226 ||   226
Dodge: Dodged            |    87 |    82 |   132 |   252 |   562 |   127 ||  1242
Block: Other             |       |       |       |    76 |   216 |    84 ||   376
       Reflection        |       |       |       |       |    24 |     1 ||    25
